 Dungeon Crawl Stone Soup version 0.25.1-2-g60ff931df9 (webtiles) character file.

Game seed: 13860441340490912388

43919 DearestLeader the Earth Mage (level 14, -3/68 HPs)
             Began as a Gargoyle Earth Elementalist on Sept 21, 2020.
             Was a High Priest of Vehumet.
             Slain by a two-headed ogre
             ... wielding a +0 giant club
              (17 damage)
             ... on level 10 of the Dungeon on Sept 22, 2020.
             The game lasted 01:07:41 (23708 turns).

DearestLeader the Earth Mage (GrEE)                Turns: 23708, Time: 01:07:43

Health: -3/68      AC: 17    Str: 14    XL:     14   Next: 26%
Magic:  26/28      EV: 15    Int: 24    God:    Vehumet [*****.]
Gold:   1007       SH:  9    Dex: 10    Spells: 5/33 levels left

rFire    + . .     SeeInvis .   B - +3 dagger "Ylurphonk" {venom, Str+3 Int+2}
rCold    . . .     Gourm    .   D - +0 buckler
rNeg     + . .     Faith    .   p - +1 robe {rF+}
rPois    ∞         Spirit   .   (no helmet)
rElec    +         Reflect  +   f - +0 cloak
rCorr    .         Harm     .   g - +1 pair of gloves
MR       ++...                  k - +0 pair of boots
Stlth    ++........             q - amulet of reflection
HPRegen  0.21/turn              Y - ring of protection from magic
MPRegen  0.21/turn              x - ring of wizardry

@: no status effects
A: big wings, negative energy resistance 1, electricity resistance, unbreathing,
petrification resistance, rot immunity, AC +10
a: Fly, Renounce Religion


You were on level 10 of the Dungeon.
You worshipped Vehumet.
Vehumet was extremely pleased with you.
You were hungry.

You visited 3 branches of the dungeon, and saw 17 of its levels.
You also visited: Bailey.

You collected 1097 gold pieces.
You spent 90 gold pieces at shops.

Inventory:

Hand Weapons
 B - the +3 dagger "Ylurphonk" (weapon) {venom, Str+3 Int+2}
   (You found it on level 10 of the Dungeon)

   It poisons the flesh of those it strikes.
   It affects your strength (+3).
   It affects your intelligence (+2).
 V - a +1 whip of electrocution
Missiles
 b - 264 stones (quivered)
Armour
 f - a +0 cloak (worn)
 g - a +1 pair of gloves (worn)
 k - a +0 pair of boots (worn)
 p - a +1 robe of fire resistance (worn)
 D - a +0 buckler (worn)
 L - the +0 robe of the Pleiades {Int+6}
   (You found it on level 1 of the Lair of Beasts)

   It affects your intelligence (+6).
Magical Staves
 y - an uncursed staff of death {unknown}
Jewellery
 l - the ring "Egorch" {rPois rF+ rN+ Int-3}
   (You found it on level 1 of the Lair of Beasts)

   [ring of poison resistance]

   It affects your intelligence (-3).
   It protects you from fire.
   It protects you from poison.
   It protects you from negative energy.
 m - an uncursed ring of ice
 q - an amulet of reflection (around neck)
 x - a ring of wizardry (right hand)
 U - an uncursed amulet of the acrobat
 Y - a ring of protection from magic (left hand)
Wands
 G - a wand of paralysis (10)
 J - a wand of iceblast (19)
 K - a wand of enslavement (26)
 O - a wand of random effects (33)
 S - a wand of flame (29)
 W - a wand of disintegration (10)
 X - a wand of clouds (6)
 Z - a wand of digging (4)
Scrolls
 c - 8 scrolls of remove curse
 e - 3 scrolls of blinking
 h - 5 scrolls of fear
 i - 5 scrolls of enchant armour
 j - 8 scrolls of teleportation
 n - a scroll of enchant weapon {unknown}
 o - 4 scrolls of magic mapping
 u - 5 scrolls of fog
 C - 6 scrolls of immolation
 H - a scroll of holy word {unknown}
 R - a scroll of acquirement {unknown}
Potions
 a - 2 potions of flight
 r - 2 potions of heal wounds
 s - 3 potions of cancellation
 t - a potion of resistance {unknown}
 v - 2 potions of ambrosia
 w - 2 potions of brilliance
 z - a potion of mutation {unknown}
 A - 5 potions of curing
 I - a potion of might {unknown}
 M - 3 potions of stabbing {unknown}
 N - 2 potions of magic {unknown}
 P - a potion of lignification {unknown}
 Q - a potion of haste {unknown}
Comestibles
 d - 20 rations


   Skills:
 + Level 8.3 Dodging
 - Level 2.1 Stealth
 - Level 4.0 Shields
 + Level 10.2 Spellcasting
 + Level 10.6 Conjurations
 - Level 0.7 Transmutations
 * Level 18.3 Earth Magic
 - Level 4.1 Poison Magic


You had 5 spell levels left.
You knew the following spells:

 Your Spells              Type           Power        Failure   Level  Hunger
a - Sandblast             Erth           ######       0%          1    None
b - Passwall              Tmut/Erth      ######..     1%          2    None
c - Lee's Rapid Deconstr  Erth           #######...   1%          5    ####...
d - Stone Arrow           Conj/Erth      ######       1%          3    None
e - Petrify               Tmut/Erth      ######..     1%          4    #......
f - Mephitic Cloud        Conj/Pois/Air  #####...     1%          3    None
g - Leda's Liquefaction   Hex/Erth       ######....   1%          4    #......
h - Iron Shot             Conj/Erth      ######....   1%          6    ######.

Your spell library contained the following spells:

 Spells                   Type           Power        Failure   Level  Hunger
 Orb of Destruction       Conj           ######....   7%          7    #######
 Dazzling Flash           Conj/Hex       #####.       1%          3    None
 Inner Flame              Hex/Fire       ##......     1%          3    None
 Animate Skeleton         Necr           N/A          2%          1    None
 Corona                   Hex            ##.....      2%          1    None
 Pain                     Necr           ##..         2%          1    None
 Corpse Rot               Necr/Air       N/A          3%          2    None
 Ensorcelled Hibernation  Hex/Ice        ##....       3%          2    None
 Slow                     Hex            ##......     3%          2    None
 Confusing Touch          Hex            ##......     6%          3    None
 Ozocubu's Armour         Chrm/Ice       ##......     6%          3    None
 Portal Projectile        Hex/Tloc       ##....       6%          3    None
 Recall                   Summ/Tloc      N/A          6%          3    None
 Tukima's Dance           Hex            ##......     6%          3    None
 Vampiric Draining        Necr           ##........   6%          3    None
 Ice Form                 Ice/Tmut       ##......     17%         4    #......
 Animate Dead             Necr           N/A          21%         4    #......
 Cause Fear               Hex            ##........   21%         4    #......
 Passage of Golubria      Tloc           N/A          21%         4    #......
 Summon Ice Beast         Ice/Summ       ##......     21%         4    #......
 Agony                    Necr           ##......     47%         5    ####...
 Excruciating Wounds      Chrm/Necr      ##........   47%         5    ####...
 Ozocubu's Refrigeration  Ice            ##........   56%         6    ######.
 Death Channel            Necr           ##........   95%         6    ######.


Dungeon Overview and Level Annotations

Branches:
Dungeon (10/15)            Temple (0/1) D:4            Lair (6/6) D:8
 Shoals (0/4) Lair:4        Snake (0/4) Lair:4        Slime (0/5) Lair:6
    Orc (1/2) D:10         Bailey (visited)

Altars:
Ashenzari
Cheibriados
Dithmenos
Elyvilon
Gozag
Kikubaaqudgha
Nemelex Xobeh
Ru
Sif Muna
Trog
Vehumet
Wu Jian
Xom
Zin
The Shining One
Jiyva

Shops:
D:8 }

Annotations:
D:4 2 transporters, DildoBatman's ghost, amateur FoWz
D:8 3 runed translucent doors, Gaxx's ghost, novice DsGl
D:10 1 runed translucent door, Thomus's ghost, journeyman DECj
Lair:3 2 transporters, Racieck's ghost, journeyman GnWn
Orc:1 Maurice


Innate Abilities, Weirdness & Mutations

You are resistant to torment.
Your stone body is resilient. (AC +10)
You are immune to poison.
Your large and strong wings let you fly indefinitely.
You resist negative energy. (rN+)
You are resistant to electric shocks. (rElec)
You can survive without breathing.
You are immune to petrification.
You are immune to rotting.


Message History

b - 266 stones
Casting: Sandblast (safe; 0% risk of failure)
Confirm with . or Enter, or press ? or * to list all spells.
Aiming: Sandblast (safe; 0% risk of failure)
Press: ? - help, Shift-Dir - straight line
b - 265 stones The two-headed ogre seems less confused.
The ogre completely misses you.
Casting: Sandblast (safe; 0% risk of failure)
Confirm with . or Enter, or press ? or * to list all spells.
Aiming: Sandblast (safe; 0% risk of failure)
Press: ? - help, Shift-Dir - straight line, f - two-headed ogre
Aim: a two-headed ogre, wielding two +0 giant clubs (moderately wounded)
The blast of sand hits the two-headed ogre.
The two-headed ogre is moderately wounded.
b - 264 stones The two-headed ogre hits you with a +0 giant club!
* * * LOW HITPOINT WARNING * * *
The two-headed ogre hits you with a +0 giant club!
You die...

....# ...##
###############
...#######.............#
..)))?)....####...####.#
....######.#....8....#.#
....# #.#.........#.#
...## #.#.........#.#
##### #)#.........#.#
...># #[...).@O.....#
...## #[....O.).....#
....# #..8.[)>...8..#
###.# ##....)o[....##
...## #...........#
....# ##......)..##
...<# #.........# ...##
#.........# ...##
#....8....#


You could see a two-headed ogre, an ogre (confused) and an orc (strong,
confused).

Vanquished Creatures
  A fire dragon (Lair:6)
  Josephine (D:10)
  A hydra (Lair:6)
  5 two-headed ogres (D:10)
  A death knight (D:9)
  A tengu warrior (D:9)
  Sonja (Lair:5)
  A fire crab (Lair:6)
  A deep elf archer (Bailey)
  8 deep elf magi (Bailey)
  A manticore (Lair:4)
  9 black mambas
  3 molten gargoyles (Lair:6)
  A gargoyle (D:10)
  Maggie (D:9)
  9 spiny frogs
  3 rime drakes
  11 komodo dragons
  2 trolls (D:10)
  A hornet (D:10)
  Prince Ribbit (D:5)
  A polar bear (Lair:4)
  10 blink frogs
  6 dream sheep (Lair:4)
  A slime creature (D:9)
  6 hippogriffs
  Sigmund (D:5)
  A wyvern (Lair:6)
  9 basilisks
  30 yaks
  5 wraiths (D:10)
  3 steam dragons (Lair:6)
  Grum (D:9)
  3 hungry ghosts
  A warg (D:10)
  3 hell hounds (Lair:6)
  12 water moccasins
  14 porcupines
  3 ice beasts
  4 sky beasts
  A black bear (Lair:3)
  3 orc warriors
  6 ogres
  9 wolves
  3 phantoms
  17 crocodiles
  A big kobold (D:8)
  12 bullfrogs
  A gnoll sergeant (D:10)
  A wyvern zombie (D:9)
  A water moccasin zombie (D:10)
  A wyvern skeleton (D:9)
  3 troll zombies (D:10)
  4 scorpions
  3 killer bees (D:10)
  A wight (D:9)
  A jelly (D:6)
  A crimson imp (D:8)
  5 lava snakes (Lair:6)
  A bullfrog skeleton (D:4)
  A centaur zombie (D:10)
  6 hounds
  4 orc priests
  9 orc wizards
  A gnoll shaman (D:5)
  Crazy Yiuf (D:4)
  2 centaur skeletons
  4 iguanas
  7 worker ants
  A killer bee zombie (D:10)
  5 ogre zombies (D:10)
  3 hound skeletons
  10 gnolls
  A howler monkey skeleton (D:5)
  A worker ant zombie (D:10)
  10 adders
  2 shadow imps
  3 oozes
  An adder zombie (D:8)
  An adder skeleton (D:4)
  A worm (D:2)
  2 dart slugs
  7 leopard geckos
  30 orcs
  A ball python (D:1)
  3 giant cockroaches
  10 goblins
  9 hobgoblins
  8 jackals
  A quokka (D:7)
  3 bats
  3 frilled lizards
  A goblin zombie (D:10)
  5 hobgoblin skeletons (D:10)
  3 hobgoblin zombies (D:10)
  A jackal skeleton (D:8)
  7 kobolds
  4 orc skeletons (D:10)
  12 orc zombies (D:10)
  2 quokka skeletons
  7 rats
445 creatures vanquished.

Vanquished Creatures (others)
  A yak (D:8)
  7 fungi
  5 plants
13 creatures vanquished.

Grand Total: 458 creatures vanquished

Notes
Turn   | Place    | Note
-------+----------+-------------------------------------------
     0 | D:1      | DearestLeader the Gargoyle Earth Elementalist began the
                  | quest for the Orb.
     0 | D:1      | Reached XP level 1. HP: 10/10 MP: 3/3
   178 | D:1      | Reached skill level 4 in Earth Magic
   216 | D:1      | Reached XP level 2. HP: 5/15 MP: 1/5
  1106 | D:2      | Reached skill level 5 in Earth Magic
  1106 | D:2      | Reached XP level 3. HP: 19/19 MP: 3/6
  1180 | D:2      | Learned a level 2 spell: Passwall
  1571 | D:2      | Reached XP level 4. HP: 19/24 MP: 4/7
  1650 | D:2      | Found a glowing golden altar of the Shining One.
  1818 | D:2      | Reached skill level 6 in Earth Magic
  1837 | D:2      | Found an ancient bone altar of Kikubaaqudgha.
  1845 | D:2      | Found a bloodstained altar of Trog.
  2176 | D:2      | Found a radiant altar of Vehumet.
  2187 | D:2      | Became a worshipper of Vehumet
  3007 | D:3      | Found a shimmering blue altar of Sif Muna.
  3112 | D:3      | Found a shadowy altar of Dithmenos.
  3132 | D:3      | Reached XP level 5. HP: 23/28 MP: 5/8
  3623 | D:3      | Found a shimmering blue altar of Sif Muna.
  3941 | D:4      | Reached skill level 7 in Earth Magic
  4029 | D:4      | Noticed an ogre
  4033 | D:4      | Killed an ogre
  4033 | D:4      | Reached skill level 8 in Earth Magic
  4033 | D:4      | Reached XP level 6. HP: 32/32 MP: 5/9
  4040 | D:4      | Learned a level 5 spell: Lee's Rapid Deconstruction
  4072 | D:4      | Found a transporter.
  4082 | D:4      | Found a staircase to the Ecumenical Temple.
  4119 | D:4      | Found a transporter.
  4120 | D:4      | Noticed DildoBatman's ghost (amateur FoWz)
  4300 | D:4      | Found a sparkling altar of Nemelex Xobeh.
  4320 | D:4      | Reached * piety under Vehumet
  4320 | D:4      | Offered knowledge of Foxfire by Vehumet.
  4729 | D:4      | Noticed a hippogriff
  4735 | D:4      | Killed a hippogriff
  4735 | D:4      | Reached skill level 9 in Earth Magic
  4735 | D:4      | Reached XP level 7. HP: 28/36 MP: 5/11
  4811 | D:4      | Found a shimmering blue altar of Sif Muna.
  4813 | D:4      | Found a snail-covered altar of Cheibriados.
  4813 | D:4      | Found an opulent altar of Gozag.
  4815 | D:4      | Found a glowing golden altar of the Shining One.
  4815 | D:4      | Found a white marble altar of Elyvilon.
  4815 | D:4      | Found a shimmering altar of Xom.
  4839 | D:4      | Found a runed translucent door.
  4840 | D:4      | Noticed Crazy Yiuf
  5014 | D:4      | Killed Crazy Yiuf
  5070 | D:5      | Entered Level 5 of the Dungeon
  5292 | D:5      | Reached skill level 10 in Earth Magic
  5497 | D:5      | Reached XP level 8. HP: 34/41 MP: 2/13
  5582 | D:5      | Noticed Sigmund
  5586 | D:5      | Killed Sigmund
  5653 | D:5      | Noticed Prince Ribbit
  5658 | D:5      | Killed Prince Ribbit
  5658 | D:5      | Reached skill level 11 in Earth Magic
  5663 | D:5      | Learned a level 3 spell: Stone Arrow
  5668 | D:5      | Learned a level 4 spell: Petrify
  6248 | D:6      | Found a sacrificial altar of Ru.
  6271 | D:6      | Reached skill level 1 in Conjurations
  6280 | D:6      | Offered knowledge of Searing Ray by Vehumet.
  6319 | D:6      | Found an ornate altar of the Wu Jian Council.
  6457 | D:6      | Reached ** piety under Vehumet
  6940 | D:7      | Found a flagged portal.
  6949 | D:7      | Reached skill level 5 in Spellcasting
  6963 | Bailey   | Entered a bailey
  6971 | Bailey   | Noticed a deep elf mage
  6973 | Bailey   | Killed a deep elf mage
  6973 | Bailey   | Reached skill level 12 in Earth Magic
  6973 | Bailey   | Reached XP level 9. HP: 45/45 MP: 14/16
  6993 | Bailey   | Noticed a deep elf mage
  6994 | Bailey   | Noticed a deep elf mage
  6994 | Bailey   | Noticed a deep elf mage
  6997 | Bailey   | Killed a deep elf mage
  6997 | Bailey   | Noticed a deep elf mage
  7000 | Bailey   | Killed a deep elf mage
  7001 | Bailey   | Killed a deep elf mage
  7003 | Bailey   | Killed a deep elf mage
  7003 | Bailey   | Reached skill level 13 in Earth Magic
  7003 | Bailey   | Reached XP level 10. HP: 50/50 MP: 0/19
  7022 | Bailey   | Noticed a deep elf mage
  7026 | Bailey   | Killed a deep elf mage
  7026 | Bailey   | Reached skill level 5 in Conjurations
  7136 | Bailey   | Noticed a deep elf mage
  7140 | Bailey   | Killed a deep elf mage
  7183 | Bailey   | Noticed a deep elf archer
  7188 | Bailey   | Killed a deep elf archer
  7235 | Bailey   | Identified the Catalogue of the Frostbite
  7261 | Bailey   | Noticed a deep elf mage
  7265 | Bailey   | Killed a deep elf mage
  7386 | D:7      | Found Zin's Purification Station.
  7389 | D:7      | Found a glowing silver altar of Zin.
  7398 | D:7      | Bought a potion of curing for 90 gold pieces
  7635 | D:7      | Found a snail-covered altar of Cheibriados.
  8229 | D:8      | Offered knowledge of Mephitic Cloud by Vehumet.
  8446 | D:8      | Reached skill level 14 in Earth Magic
  8466 | D:8      | Learned a level 3 spell: Mephitic Cloud
  8657 | D:8      | Reached *** piety under Vehumet
  8672 | D:8      | Reached skill level 1 in Poison Magic
  8690 | D:8      | Reached XP level 11. HP: 37/54 MP: 14/21
  8855 | D:8      | Found a staircase to the Lair.
  8866 | D:8      | Found Votiedic's Gadget Shoppe.
  8957 | D:8      | Found a runed translucent gate.
  8957 | D:8      | Found a runed translucent gate.
  8957 | D:8      | Noticed Gaxx's ghost (novice DsGl)
  8966 | D:8      | Found a runed translucent gate.
  9021 | D:8      | Offered knowledge of Static Discharge by Vehumet.
  9059 | D:8      | Found a shattered altar of Ashenzari.
  9353 | Lair:1   | Entered Level 1 of the Lair of Beasts
  9653 | Lair:1   | Got a shimmering brass ring
  9654 | Lair:1   | Identified the ring "Egorch" {rPois rF+ rN+ Int-3} (You
                  | found it on level 1 of the Lair of Beasts)
  9761 | Lair:1   | Reached skill level 5 in Dodging
 10088 | Lair:1   | Got a shimmering robe
 10098 | Lair:1   | Identified the cursed +0 robe of the Pleiades {Int+6} (You
                  | found it on level 1 of the Lair of Beasts)
 11801 | Lair:2   | Reached skill level 15 in Earth Magic
 12409 | Lair:2   | Reached **** piety under Vehumet
 12763 | Lair:3   | Found a transporter.
 12763 | Lair:3   | Identified the cursed +1 spear of Joyful Slaughter
                  | {antimagic, rN+ Str+3}
 12763 | Lair:3   | Noticed a spriggan rider
 12767 | Lair:3   | Identified the +9 morningstar of the Crypt {speed, rF+++
                  | rN++ Str-4 Int-2}
 12767 | Lair:3   | Noticed a spriggan berserker
 12769 | Lair:3   | Noticed Racieck's ghost (journeyman GnWn)
 12770 | Lair:3   | Noticed a moth of wrath
 12778 | Lair:2   | Offered knowledge of Frozen Ramparts by Vehumet.
 13226 | Lair:3   | Reached XP level 12. HP: 41/59 MP: 10/23
 13333 | Lair:3   | Found a bloodstained altar of Trog.
 13339 | Lair:3   | Found a transporter.
 14564 | Lair:4   | Found a staircase to the Shoals.
 14571 | Lair:4   | Reached skill level 16 in Earth Magic
 15151 | Lair:4   | Found a staircase to the Snake Pit.
 16135 | Lair:5   | Noticed Sonja
 16141 | Lair:5   | Killed Sonja
 16500 | Lair:5   | Identified the Reference Book on the Sinister Voyage
 16507 | Lair:5   | Learned a level 4 spell: Leda's Liquefaction
 16605 | Lair:5   | Reached XP level 13. HP: 63/63 MP: 19/26
 16609 | Lair:5   | Reached skill level 1 in Shields
 17029 | Lair:6   | Entered Level 6 of the Lair of Beasts
 17041 | Lair:6   | HP: 2/63 [spiny frog (10)]
 17369 | Lair:6   | Reached ***** piety under Vehumet
 17379 | Lair:6   | Offered knowledge of Iron Shot by Vehumet.
 17400 | Lair:5   | Reached skill level 17 in Earth Magic
 17659 | Lair:5   | Learned a level 6 spell: Iron Shot
 17712 | Lair:6   | Noticed a fire dragon
 17713 | Lair:6   | Found a large runed translucent door.
 17715 | Lair:6   | Found a large runed translucent door.
 17982 | Lair:6   | Found a viscous altar of Jiyva.
 17986 | Lair:6   | Found a staircase to the Slime Pits.
 19711 | Lair:6   | Killed a fire dragon
 20152 | D:9      | Noticed Maggie
 20161 | D:9      | Killed Maggie
 20617 | D:9      | Reached skill level 10 in Conjurations
 20749 | D:9      | Noticed Grum
 20762 | D:9      | Killed Grum
 20773 | D:9      | Offered knowledge of Fireball by Vehumet.
 21957 | D:10     | Entered Level 10 of the Dungeon
 22288 | D:10     | Gained mutation: Your large and strong wings let you fly
                  | indefinitely. [Gargoyle growth]
 22288 | D:10     | Reached XP level 14. HP: 68/68 MP: 21/27
 22292 | D:10     | Reached skill level 18 in Earth Magic
 22301 | D:10     | Offered knowledge of Orb of Destruction by Vehumet.
 22307 | D:10     | Found a staircase to the Orcish Mines.
 22340 | D:10     | Noticed Josephine
 22349 | D:10     | Reached skill level 10 in Spellcasting
 22352 | D:10     | Killed Josephine
 22989 | D:10     | Found a runed translucent door.
 22989 | D:10     | Noticed Thomus's ghost (journeyman DECj)
 23057 | D:10     | Got a polished dagger
 23058 | D:10     | Identified the +3 dagger "Ylurphonk" {venom, Str+3 Int+2}
                  | (You found it on level 10 of the Dungeon)
 23129 | Orc:1    | Entered Level 1 of the Orcish Mines
 23134 | Orc:1    | Noticed Maurice
 23708 | D:10     | Slain by a two-headed ogre

Illustrated notes

Levels and vault maps discovered:
D:1:      dpeg_arrival_shelter, layout_rooms, minmay_split_cup_small
D:2:      minmay_evil_eye, layout_rooms, lemuel_round_altar, vehumet_crystals,
          nicolae_overflow_crystal_walls, lemuel_crystal_altar,
          serial_co_window_serial, co_window_cross_1,
          co_window_of_opportunity_a, co_window_paths_a, co_window_paths_b,
          co_window_corner_a, co_window_paths_a, co_window_unsneaky_path_e,
          co_window_broadway_b, co_window_corner_ca, co_window_unsneaky_path_d,
          glass_columns_a, glass_columns_a, first_ration
D:3:      layout_basic, overflow_temple_1_default,
          nicolae_dithmenos_shadow_blocks, corner_web_ring, led_sif_pool
D:4:      layout_loops_cross, doesnt_xom_only_xom,
          nemelex_xobeh_ov_fountains_minmay, minmay_temple_entry_glass,
          gammafunk_ghost_mausoleum, uniq_crazy_yiuf_cottage
D:5:      layout_basic, uniq_prince_ribbit1, uniq_sigmund
D:6:      layout_basic, old_standard_altar, minmay_stone_trees_small,
          nicolae_ru_awakened_eye
D:7:      layout_gridville, lemuel_doored_altar, zin_purify, enter_bailey_3
D:8:      layout_basic, old_standard_altar, minmay_lair_entry_grove,
          gammafunk_ghost_split, serial_shops, shop
D:9:      minmay_diamond_stairs, layout_layer_cave, uniq_maggie, uniq_grum
D:10:     layout_gridville, zombieorc2_lemuel, gammafunk_ghost_grave,
          uniq_josephine
Lair:1:   layout_layer_cave, lemuel_fruit_tree
Lair:2:   layout_gridlike, serial_bayou_pond_c, serial_bayou_pond_e
Lair:3:   layout_loops_ring, gammafunk_ghost_wrathful_warriors, serial_rivers,
          chequers_serial_rivers_small_a, chequers_serial_rivers_micro_c,
          chequers_serial_rivers_micro_a, chequers_serial_rivers_marsh
Lair:4:   layout_cave_pods, minmay_shoals_entry_beasts, dummy_snake_entry,
          minivault_23, grunt_megastairs_3
Lair:5:   layout_gridlike, chequers_serial_rivers_micro_e, hibernation_bobbens,
          uniq_sonja
Lair:6:   cheibrodos_lair_end_hotspot, layout_misc_corridors, slime_altar_1,
          enter_volcano_1
Orc:1:    layout_caves, serial_shops, nicolae_shop_stone, shop_statue,
          nicolae_shop_crystal, nicolae_shop_stone,
          portal_ice_cave_demonic_guard, uniq_maurice

Skill      XL: |  1  2  3  4  5  6  7  8  9 10 11 12 13 14 |
---------------+-------------------------------------------+-----
Earth Magic    | 4 5 6 8 9 10 12 13 14 15 16 17 18 | 18.3
Spellcasting   | 3 5 6 7 9 10 | 10.2
Conjurations   | 3 4 6 7 9 10 | 10.6
Dodging        | 2 3 4 5 7 8 |  8.3
Poison Magic   | 1 4 |  4.1
Shields        | 4 |  4.0
Stealth        | |  2.1
Transmutations | |  0.7

Action                   |  1- 3 |  4- 6 |  7- 9 | 10-12 | 13-15 || total
-------------------------+-------+-------+-------+-------+-------++-------
Melee: Mace              |    43 |       |       |       |       ||    43
       Dagger            |    48 |   141 |       |    58 |    43 ||   290
       Quarterstaff      |       |    70 |    85 |    31 |       ||   186
       Whip              |       |       |       |   110 |   153 ||   263
Throw: Stone             |       |       |       |       |     2 ||     2
 Cast: Sandblast         |    10 |    40 |    44 |    63 |   172 ||   329
       Lee's Rapid Decon |       |       |     4 |    17 |    22 ||    43
       Stone Arrow       |       |       |     2 |   174 |    76 ||   252
       Mephitic Cloud    |       |       |       |    22 |    25 ||    47
       Leda's Liquefacti |       |       |       |     1 |     5 ||     6
       Iron Shot         |       |       |       |       |    17 ||    17
       Petrify           |       |       |       |       |     4 ||     4
  Use: Scroll            |       |     7 |     2 |     5 |     8 ||    22
       Potion            |       |       |       |       |     1 ||     1
 Stab: Sleeping          |     1 |     1 |     2 |     1 |       ||     5
       Confused          |       |       |       |     5 |     2 ||     7
  Eat: Chunk             |     2 |     7 |     9 |    27 |    18 ||    63
       Ration            |       |     1 |       |     2 |     4 ||     7
Armor: Robe              |    27 |   103 |    49 |    88 |   156 ||   423
Dodge: Dodged            |    55 |   183 |    53 |   175 |   248 ||   714
Block: Other             |       |    42 |    24 |    57 |     8 ||   131
       Reflection        |       |       |     1 |     1 |     3 ||     5
       Buckler           |       |       |       |       |   174 ||   174
